 Dungeon Crawl Stone Soup version 0.18.1-50-g88ac8fd (webtiles) character file.

2312 Korbac the Covered (level 9, -6/69 HPs)
             Began as a Human Fighter on Oct 15, 2016.
             Mangled by Joseph
             ... wielding a +1 quarterstaff of holy wrath
              (8 damage)
             ... on level 7 of the Dungeon.
             The game lasted 00:44:16 (6490 turns).

Korbac the Covered (Human Fighter)                  Turns: 6490, Time: 00:44:17

Health: -6/69      AC:  9    Str: 25    XL:     9   Next: 68%
Magic:  9/9        EV: 10    Int: 11    God:
Gold:   355        SH: 11    Dex: 12    Spells: 0 memorised, 8 levels left

rFire  . . .     SeeInvis .     n - +1 short sword (venom)
rCold  . . .     Gourm    .     t - -2 ring mail (curse)
rNeg   . . .     Faith    .     c - +1 shield
rPois  .         Spirit   .     K - +2 hat
rElec  .         Dismiss  .     B - +0 cloak (curse)
rCorr  .         Reflect  .     (no gloves)
SustAt +         Harm     .     I - +0 pair of boots
MR     .....                    (no amulet)
Stlth  +.........               C - +5 ring of slaying
                                o - ring of sustain attributes

@: mighty, not resistant to hostile enchantments, very unstealthy
A: clever 1
a: no special abilities


You were on level 7 of the Dungeon.
You were not hungry.

You visited 1 branch of the dungeon, and saw 7 of its levels.
You also visited: Sewer.

You collected 355 gold pieces.

Inventory:

Hand Weapons
 a - a +0 long sword
 n - a +1 short sword of venom (weapon)
 p - a +0 hunting sling
Missiles
 j - 4 needles of frenzy
 q - 219 stones
 s - 11 poisoned needles
 F - 21 sling bullets (quivered)
Armour
 c - a +1 shield (worn)
 t - a cursed -2 ring mail (worn)
 B - a cursed +0 cloak (worn)
 E - a +0 chain mail
 G - a +0 plate armour
 I - a +0 pair of boots (worn)
 K - a +2 hat (worn)
Jewellery
 o - a ring of sustain attributes (left hand)
 v - a +5 ring of slaying
 C - a +5 ring of slaying (right hand)
Wands
 g - a wand of random effects (37/48)
Scrolls
 e - a scroll of fear
 f - a scroll of noise
 h - a scroll of fog
 l - a scroll of enchant weapon
 w - 2 scrolls of immolation
 x - 4 scrolls of teleportation
 D - a scroll of enchant armour
 H - a scroll of magic mapping
 J - a scroll of identify
Potions
 b - a potion of degeneration {unknown}
 d - a potion of might
 i - 5 potions of lignification
 m - 2 potions of flight
 z - a potion of cure mutation {unknown}
 A - a potion of haste
 L - a potion of agility {unknown}
Books
 u - a book of Callings

   Spells                             Type                      Level
   a - Summon Small Mammal            Summoning                    1
   b - Call Imp                       Summoning                    2
   c - Call Canine Familiar           Summoning                    3
   d - Summon Guardian Golem          Hexes/Summoning              3
   e - Summon Lightning Spire         Summoning/Air                4
   f - Summon Ice Beast               Ice/Summoning                4
 y - a book of Burglary

   Spells                             Type                      Level
   a - Swiftness                      Charms/Air                   2
   b - Passwall                       Transmutation/Earth          2
   c - Passage of Golubria            Translocation                4
   d - Lee's Rapid Deconstruction     Earth                        5
   e - Darkness                       Hexes                        6
   f - Invisibility                   Hexes                        6
 M - a book of Geomancy

   Spells                             Type                      Level
   a - Sandblast                      Earth                        1
   b - Passwall                       Transmutation/Earth          2
   c - Stone Arrow                    Conjuration/Earth            3
   d - Petrify                        Transmutation/Earth          4
   e - Lee's Rapid Deconstruction     Earth                        5
Comestibles
 r - 2 meat rations


   Skills:
 * Level 6.2 Fighting
 * Level 5.5(5.7) Short Blades
 + Level 2.2(4.2) Long Blades
 + Level 1.4 Slings
 + Level 7.2 Armour
 + Level 3.7 Dodging
 * Level 5.7 Shields


You had 8 spell levels left.
You didn't know any spells.

Dungeon Overview and Level Annotations

Branches:
Dungeon (7/15)
 Temple: D:4-7

Altars:
Dithmenos
Elyvilon
Nemelex Xobeh
Sif Muna
Trog
Vehumet
Xom
Yredelemnul
Zin

Shops:
D:4 [

Annotations:
D:7 Joseph


Innate Abilities, Weirdness & Mutations

Your mind is acute. (Int +2)


Message History

You puncture Joseph!
Joseph is poisoned.
Joseph is lightly wounded.
You block Joseph's attack.
You hit Joseph but do no damage.
Joseph looks even sicker.
Joseph is lightly wounded.
You barely miss Joseph.
Joseph is lightly wounded.
You block Joseph's attack.
You barely miss Joseph.
Joseph is lightly wounded.
You block Joseph's attack.
Drink which item? (? for menu, Esc to quit)
You feel very mighty all of a sudden.
Joseph hits you with an uncursed quarterstaff of holy wrath!
* * * LOW HITPOINT WARNING * * *
Unknown command.
You puncture Joseph!
Joseph is moderately wounded.
Joseph hits you with an uncursed quarterstaff of holy wrath!
You die...

#.................#
#.######..........#
#.# ##'##.......#
#.# ##8.8##....†.#
#.# ##.....##......
#.###8.....8######.
#.##......§§.## #†
#.#8.).[..§§§8####.
#.@@......§§.§+..[)
###8......§.§8#@.).
##.........##....
##8.....8##.....
##.....###....(
##8.8## #.....
##'## #....#
#.#####....#
#..........#


You could see Joseph.

Vanquished Creatures
  2 orc warriors
  An ice beast (D:6)
  A phantom (D:5)
  3 ogres
  A necrophage (D:7)
  A centaur (D:7)
  2 big kobolds (Sewer)
  4 giant frogs (D:6)
  A scorpion (D:6)
  4 crimson imps
  3 hounds
  A jelly (D:5)
  4 orc priests
  8 orc wizards
  5 worker ants
  An iguana (D:6)
  Natasha (thrice) (D:4 D:6)
  A gnoll (D:5)
  2 river rats (D:3)
  7 adders
  A shadow imp (D:6)
  4 oozes
  An adder skeleton (D:5)
  3 worms
  4 dart slugs
  6 giant geckos
  24 orcs
  11 giant cockroaches
  5 goblins (D:1)
  13 hobgoblins
  9 jackals
  2 quokkas
  6 ball pythons
  2 bats (D:1)
  A giant gecko skeleton (D:5)
  5 giant newts
  9 kobolds
  2 quokka skeletons
  18 rats
  A plant (D:1)
182 creatures vanquished.

Notes
Turn   | Place    | Note
--------------------------------------------------------------
     0 | D:1      | Korbac the Human Fighter began the quest for the Orb.
     0 | D:1      | Reached XP level 1. HP: 18/18 MP: 1/1
   387 | D:1      | Reached XP level 2. HP: 24/24 MP: 2/2
  1250 | D:1      | Reached XP level 3. HP: 24/29 MP: 3/3
  2034 | D:2      | Reached XP level 4. HP: 23/35 MP: 4/4
  2057 | D:2      | Reached skill level 1 in Dodging
  2167 | D:2      | Noticed a moth of wrath
  2170 | D:2      | Found a bloodstained altar of Trog.
  2240 | D:2      | Reached skill level 4 in Armour
  2258 | D:2      | Found a radiant altar of Vehumet.
  2889 | D:3      | Found a basalt altar of Yredelemnul.
  2967 | D:3      | Found a white marble altar of Elyvilon.
  3100 | D:3      | Reached XP level 5. HP: 41/41 MP: 5/5
  3119 | D:3      | Found a glowing drain.
  3136 | D:3      | Reached skill level 1 in Short Blades
  3146 | Sewer    | Entered a sewer
  3251 | Sewer    | Noticed a big kobold
  3256 | Sewer    | Noticed a big kobold
  3274 | Sewer    | Killed a big kobold
  3274 | Sewer    | Reached XP level 6. HP: 27/47 MP: 6/6
  3571 | D:3      | Found a deep blue altar of Sif Muna.
  3623 | D:3      | You fall through a shaft!
  3646 | D:4      | Found a shimmering altar of Xom.
  3730 | D:4      | Noticed Natasha
  3811 | D:4      | Noticed an orc warrior
  3825 | D:4      | Killed an orc warrior
  3825 | D:4      | Reached skill level 1 in Slings
  3825 | D:4      | Reached skill level 5 in Armour
  3825 | D:4      | Reached XP level 7. HP: 38/54 MP: 7/7
  3865 | D:4      | Found Meomuor's Armour Shoppe.
  4126 | D:4      | Killed Natasha
  4270 | D:5      | Entered Level 5 of the Dungeon
  4301 | D:5      | Found a sparkling altar of Nemelex Xobeh.
  4365 | D:5      | Found a shadowy altar of Dithmenos.
  4406 | D:5      | Found a glowing silver altar of Zin.
  4499 | D:5      | Reached XP level 8. HP: 26/61 MP: 8/8
  4771 | D:5      | Reached skill level 6 in Armour
  5048 | D:6      | Found a bloodstained altar of Trog.
  5188 | D:6      | Gained mutation: Your mind is acute. (Int +2) [potion of beneficial mutation]
  5251 | D:6      | Reached skill level 5 in Fighting
  5439 | D:6      | Reached skill level 5 in Shields
  5462 | D:6      | Reached XP level 9. HP: 46/68 MP: 9/9
  5872 | D:6      | Noticed Natasha
  5878 | D:6      | Killed Natasha
  6015 | D:6      | Reached skill level 7 in Armour
  6061 | D:6      | Noticed Natasha
  6069 | D:6      | Killed Natasha
  6232 | D:7      | Reached skill level 5 in Short Blades
  6417 | D:7      | Noticed Joseph
  6489 | D:7      | HP: 2/69 [Joseph/uncursed quarterstaff of holy wrath (13)]
  6490 | D:7      | Mangled by Joseph

Skill      XL: |  1  2  3  4  5  6  7  8  9 |
---------------+----------------------------+-----
Dodging        | 1 2 3 |  3.7
Armour         | 4 5 6 7 |  7.2
Short Blades   | 1 2 4 5 |  5.5
Shields        | 4 5 |  5.7
Fighting       | 4 5 6 |  6.2
Slings         | 1 |  1.4
Long Blades    | |  2.2

Action                   |  1- 3 |  4- 6 |  7- 9 || total
-------------------------+-------+-------+-------++-------
Melee: Long sword        |    57 |       |       ||    57
       Short sword       |   102 |   225 |   272 ||   599
 Fire: Hunting sling     |       |     7 |       ||     7
  Use: Scroll            |       |     6 |     9 ||    15
       Potion            |       |     1 |    10 ||    11
  Eat: Bread ration      |     1 |     1 |     1 ||     3
       Beef jerky        |       |     1 |       ||     1
       Meat ration       |       |       |     1 ||     1
Armor: Scale mail        |    62 |    66 |     1 ||   129
       Chain mail        |       |       |     7 ||     7
       Ring mail         |       |       |    32 ||    32
Dodge: Dodged            |    38 |    55 |    62 ||   155
Block: Shield            |    69 |    99 |    93 ||   261
